[ AOE2 MATCH · #513814884 ]
UnrankedMalay vs Muisca
Player's team · LOSS
Rival team · WIN
[ REPLAY ANALYSIS · EXTRACTED FROM THE RECORDED GAME ]
Feudal
10:31
Castle
20:34
Imperial
42:08
| APM avg | 84.8 |
| APM peak | 118 |
| eAPM avg | 38.1 |
| Villagers / military | 124 / 127 |
Focus
⚔️ 52.7% · 🌾 47.3%
Archer ×91 · Skirmisher ×20 · Militia ×6 · Mangonel ×5 · Trebuchet (Packed) ×3 · Battle Elephant ×2
Feudal
8:50
Castle
21:42
Imperial
—
| APM avg | 78.6 |
| APM peak | 139 |
| eAPM avg | 42.8 |
| Villagers / military | 97 / 144 |
Focus
⚔️ 67.8% · 🌾 32.2%
Archer ×119 · Mangonel ×13 · Skirmisher ×6 · Battering Ram ×6 · Unknown (2562) ×3 · Unknown (2550) ×2
Match map
Initial resources + every placement click. Lines = walls · curves = elevation contours. ◆ gold · ⬟ stone · ● berries · ✦ relic · ◌ wall gap
Your base· Open — 10t gap
wR.Prisma's base· Open — unwalled flank
Smoothed initial terrain · ◌ = detected wall gap · hover for details
Inputs per minute
— RD | Kiko - - wR.Prisma
Build order — RD | Kiko
First 150 of 408 actions detected
| 0:00 | Queue | Villager (Male) |
| 0:01 | Queue | Villager (Male) |
| 0:02 | Build | House |
| 0:03 | Build | House |
| 0:06 | Queue | Villager (Male) |
| 0:09 | Queue | Villager (Male) |
| 0:09 | Queue | Villager (Male) |
| 1:26 | Queue | Villager (Male) |
| 1:49 | Queue | Villager (Male) |
| 1:49 | Queue | Villager (Male) |
| 2:16 | Build | Lumber Camp |
| 2:24 | Queue | Villager (Male) |
| 2:52 | Queue | Villager (Male) |
| 2:57 | Queue | Villager (Male) |
| 2:57 | Queue | Villager (Male) |
| 3:32 | Queue | Villager (Male) |
| 3:33 | Queue | Villager (Male) |
| 3:49 | Build | House |
| 4:01 | Queue | Villager (Male) |
| 4:01 | Queue | Villager (Male) |
| 4:02 | Queue | Villager (Male) |
| 4:34 | Queue | Villager (Male) |
| 4:45 | Build | Barracks |
| 4:47 | Queue | Villager (Male) |
| 4:47 | Queue | Villager (Male) |
| 5:04 | Build | House |
| 5:05 | Build | House |
| 5:23 | Build | House |
| 5:39 | Queue | Militia |
| 5:39 | Queue | Militia |
| 5:41 | Queue | Villager (Male) |
| 5:55 | Build | Palisade Wall |
| 5:56 | Build | Palisade Wall |
| 6:12 | Queue | Villager (Male) |
| 6:16 | Queue | Militia |
| 6:17 | Queue | Militia |
| 6:18 | Queue | Militia |
| 6:32 | Build | Palisade Wall |
| 6:33 | Build | Palisade Wall |
| 6:34 | Queue | Villager (Male) |
| 6:52 | Build | Mining Camp |
| 6:56 | Build | Palisade Wall |
| 7:00 | Build | Palisade Wall |
| 7:05 | Queue | Villager (Male) |
| 7:20 | Queue | Villager (Male) |
| 7:22 | Queue | Militia |
| 7:39 | Queue | Villager (Male) |
| 7:54 | Queue | Villager (Male) |
| 8:16 | Build | Mill |
| 8:32 | Build | House |
| 8:41 | Queue | Villager (Male) |
| 8:45 | Research | Loom |
| 9:04 | Build | Palisade Wall |
| 9:05 | Build | Palisade Wall |
| 9:07 | Build | Palisade Wall |
| 9:08 | Build | Palisade Wall |
| 9:13 | Research | Feudal Age |
| 9:24 | Build | Palisade Wall |
| 9:26 | Build | Palisade Wall |
| 9:29 | Build | Palisade Wall |
| 9:30 | Build | Palisade Wall |
| 10:00 | Build | Palisade Wall |
| 10:10 | Build | Lumber Camp |
| 10:28 | Queue | Villager (Male) |
| 10:31 | Age | Feudal Age |
| 10:35 | Research | Man-at-Arms (upgrade) |
| 10:35 | Research | Man-at-Arms (upgrade) |
| 10:41 | Research | Double-Bit Axe |
| 10:42 | Research | Double-Bit Axe |
| 10:47 | Queue | Villager (Male) |
| 10:47 | Queue | Villager (Male) |
| 10:49 | Build | Palisade Wall |
| 10:51 | Queue | Villager (Male) |
| 10:52 | Queue | Villager (Male) |
| 11:07 | Queue | Villager (Male) |
| 11:26 | Build | Archery Range |
| 11:33 | Build | House |
| 11:51 | Queue | Villager (Male) |
| 12:18 | Build | Farm |
| 12:19 | Queue | Archer |
| 12:30 | Queue | Archer |
| 12:33 | Queue | Villager (Male) |
| 12:34 | Queue | Villager (Male) |
| 12:35 | Build | Farm |
| 12:37 | Build | Farm |
| 12:51 | Queue | Archer |
| 12:58 | Build | Blacksmith |
| 13:11 | Queue | Villager (Male) |
| 13:13 | Build | Farm |
| 13:14 | Build | Farm |
| 13:16 | Build | Farm |
| 13:18 | Build | Farm |
| 13:22 | Queue | Archer |
| 13:24 | Build | House |
| 13:36 | Build | House |
| 13:43 | Queue | Archer |
| 13:44 | Build | Farm |
| 13:56 | Queue | Archer |
| 13:58 | Queue | Villager (Male) |
| 13:59 | Queue | Villager (Male) |
| 14:01 | Build | Farm |
| 14:21 | Queue | Archer |
| 14:24 | Queue | Villager (Male) |
| 14:32 | Build | Farm |
| 14:34 | Build | Farm |
| 14:41 | Build | Watch Tower |
| 14:50 | Build | House |
| 14:51 | Queue | Villager (Male) |
| 14:51 | Queue | Villager (Male) |
| 14:58 | Queue | Villager (Male) |
| 15:06 | Build | Farm |
| 15:15 | Queue | Villager (Male) |
| 15:15 | Queue | Villager (Male) |
| 15:21 | Queue | Archer |
| 15:21 | Queue | Archer |
| 15:24 | Build | Farm |
| 15:41 | Build | Market |
| 15:50 | Build | Farm |
| 15:51 | Queue | Villager (Male) |
| 16:02 | Research | Fletching |
| 16:09 | Queue | Villager (Male) |
| 16:10 | Queue | Archer |
| 16:20 | Build | Mining Camp |
| 16:30 | Queue | Villager (Male) |
| 16:32 | Build | Farm |
| 16:34 | Build | Farm |
| 16:46 | Queue | Villager (Male) |
| 16:47 | Queue | Archer |
| 17:36 | Queue | Archer |
| 17:41 | Queue | Villager (Male) |
| 17:45 | Build | House |
| 17:49 | Queue | Archer |
| 18:09 | Queue | Archer |
| 18:15 | Queue | Archer |
| 18:19 | Build | House |
| 18:25 | Queue | Archer |
| 18:33 | Queue | Villager (Male) |
| 18:33 | Queue | Villager (Male) |
| 18:58 | Research | Castle Age |
| 18:58 | Research | Castle Age |
| 19:00 | Build | Archery Range |
| 19:12 | Queue | Archer |
| 19:13 | Queue | Archer |
| 19:49 | Queue | Archer |
| 19:49 | Queue | Archer |
| 19:55 | Queue | Archer |
| 19:55 | Queue | Archer |
| 19:58 | Research | Gold Mining |
| 19:58 | Research | Gold Mining |
| 20:02 | Build | Mining Camp |
Build order — wR.Prisma
First 150 of 350 actions detected
| 0:00 | Queue | Villager (Male) |
| 0:01 | Queue | Villager (Male) |
| 0:02 | Build | House |
| 0:02 | Build | House |
| 0:15 | Queue | Villager (Male) |
| 0:27 | Queue | Villager (Male) |
| 1:09 | Queue | Villager (Male) |
| 1:42 | Queue | Villager (Male) |
| 2:28 | Queue | Villager (Male) |
| 2:35 | Build | Settlement |
| 2:43 | Queue | Villager (Male) |
| 3:03 | Queue | Villager (Male) |
| 3:31 | Queue | Villager (Male) |
| 3:42 | Queue | Villager (Male) |
| 4:11 | Queue | Villager (Male) |
| 4:32 | Queue | Villager (Male) |
| 4:58 | Queue | Villager (Male) |
| 5:12 | Queue | Villager (Male) |
| 5:36 | Queue | Villager (Male) |
| 5:38 | Queue | Villager (Male) |
| 5:56 | Build | Barracks |
| 6:13 | Research | Loom |
| 6:40 | Research | Feudal Age |
| 6:55 | Build | House |
| 7:28 | Queue | Unit 2550 |
| 7:28 | Queue | Unit 2550 |
| 8:15 | Build | Settlement |
| 8:19 | Build | Settlement |
| 8:22 | Build | Settlement |
| 8:23 | Queue | Villager (Male) |
| 8:46 | Build | House |
| 8:48 | Build | House |
| 8:50 | Age | Feudal Age |
| 9:09 | Queue | Villager (Male) |
| 9:19 | Build | Archery Range |
| 9:22 | Build | Palisade Wall |
| 9:26 | Build | Palisade Wall |
| 9:31 | Research | Double-Bit Axe |
| 9:34 | Queue | Villager (Male) |
| 9:36 | Build | Palisade Wall |
| 9:38 | Build | Palisade Wall |
| 9:43 | Queue | Villager (Male) |
| 9:46 | Build | Palisade Wall |
| 9:47 | Build | Palisade Wall |
| 9:48 | Build | Palisade Wall |
| 9:50 | Queue | Villager (Male) |
| 10:09 | Queue | Archer |
| 10:09 | Queue | Archer |
| 10:13 | Build | Settlement |
| 10:23 | Queue | Villager (Male) |
| 10:35 | Queue | Archer |
| 10:38 | Queue | Villager (Male) |
| 11:15 | Research | Tech 1402 |
| 11:17 | Queue | Villager (Male) |
| 11:19 | Build | Farm |
| 11:19 | Build | Farm |
| 11:20 | Queue | Villager (Male) |
| 11:39 | Build | Farm |
| 11:42 | Build | Farm |
| 11:46 | Queue | Villager (Male) |
| 11:58 | Queue | Villager (Male) |
| 12:09 | Queue | Archer |
| 12:09 | Queue | Archer |
| 12:12 | Queue | Villager (Male) |
| 12:17 | Build | Palisade Wall |
| 12:20 | Build | Palisade Wall |
| 12:20 | Build | Palisade Wall |
| 12:21 | Build | Palisade Wall |
| 12:28 | Queue | Villager (Male) |
| 12:29 | Build | Palisade Wall |
| 12:32 | Build | Palisade Wall |
| 12:47 | Queue | Villager (Male) |
| 12:48 | Queue | Villager (Male) |
| 12:49 | Build | Blacksmith |
| 12:50 | Queue | Archer |
| 12:57 | Queue | Villager (Male) |
| 13:13 | Build | Farm |
| 13:15 | Queue | Villager (Male) |
| 13:27 | Build | Farm |
| 13:27 | Build | Farm |
| 13:34 | Research | Fletching |
| 13:46 | Queue | Villager (Male) |
| 13:50 | Build | Farm |
| 13:59 | Queue | Archer |
| 14:18 | Queue | Villager (Male) |
| 14:20 | Build | Farm |
| 14:21 | Build | Farm |
| 14:27 | Queue | Archer |
| 14:36 | Queue | Villager (Male) |
| 14:38 | Build | House |
| 14:44 | Queue | Villager (Male) |
| 14:46 | Build | Farm |
| 15:01 | Queue | Villager (Male) |
| 15:07 | Build | Palisade Wall |
| 15:20 | Queue | Villager (Male) |
| 15:30 | Queue | Villager (Male) |
| 15:31 | Build | Farm |
| 15:32 | Build | Farm |
| 15:34 | Queue | Archer |
| 15:38 | Build | Palisade Wall |
| 15:41 | Queue | Villager (Male) |
| 15:42 | Queue | Villager (Male) |
| 15:44 | Build | Palisade Wall |
| 15:45 | Build | Palisade Wall |
| 15:47 | Queue | Archer |
| 15:56 | Queue | Villager (Male) |
| 16:02 | Queue | Villager (Male) |
| 16:04 | Queue | Archer |
| 16:06 | Queue | Villager (Male) |
| 16:14 | Build | House |
| 16:16 | Queue | Villager (Male) |
| 16:26 | Queue | Villager (Male) |
| 16:38 | Queue | Villager (Male) |
| 16:43 | Build | Palisade Wall |
| 16:44 | Build | Palisade Wall |
| 16:49 | Queue | Villager (Male) |
| 16:51 | Queue | Archer |
| 16:54 | Queue | Villager (Male) |
| 16:59 | Build | Farm |
| 17:01 | Queue | Villager (Male) |
| 17:06 | Queue | Villager (Male) |
| 17:07 | Queue | Villager (Male) |
| 17:10 | Build | Watch Tower |
| 17:13 | Queue | Villager (Male) |
| 17:33 | Queue | Archer |
| 17:36 | Queue | Villager (Male) |
| 17:42 | Research | Padded Archer Armor |
| 17:49 | Queue | Villager (Male) |
| 17:52 | Queue | Skirmisher |
| 18:17 | Queue | Skirmisher |
| 18:31 | Queue | Villager (Male) |
| 19:01 | Queue | Villager (Male) |
| 19:01 | Research | Castle Age |
| 19:01 | Research | Castle Age |
| 19:05 | Queue | Archer |
| 19:06 | Build | Archery Range |
| 19:08 | Queue | Archer |
| 19:18 | Research | Horse Collar |
| 19:18 | Research | Horse Collar |
| 19:19 | Research | Gold Mining |
| 19:49 | Queue | Skirmisher |
| 19:53 | Build | Archery Range |
| 20:00 | Queue | Skirmisher |
| 20:02 | Queue | Skirmisher |
| 20:14 | Queue | Archer |
| 20:15 | Queue | Villager (Male) |
| 20:22 | Queue | Villager (Male) |
| 20:26 | Build | House |
| 20:30 | Queue | Skirmisher |
| 20:40 | Build | Palisade Wall |
Match timeline
| 4:45 | RD | Kiko · first_building Barracks |
| 5:55 | RD | Kiko · wall_segment Palisade Wall x2 |
| 5:56 | wR.Prisma · first_building Barracks |
| 5:56 | RD | Kiko · wall_segment Palisade Wall x3 |
| 6:32 | RD | Kiko · wall_segment Palisade Wall x1 |
| 6:33 | RD | Kiko · wall_segment Palisade Wall x1 |
| 6:56 | RD | Kiko · wall_segment Palisade Wall x10 |
| 7:00 | RD | Kiko · wall_segment Palisade Wall x1 |
| 8:50 | wR.Prisma · age_up feudal |
| 9:04 | RD | Kiko · wall_segment Palisade Wall x3 |
| 9:05 | RD | Kiko · wall_segment Palisade Wall x2 |
| 9:07 | RD | Kiko · wall_segment Palisade Wall x5 |
| 9:08 | RD | Kiko · wall_segment Palisade Wall x13 |
| 9:19 | wR.Prisma · first_building Archery Range |
| 9:22 | wR.Prisma · wall_segment Palisade Wall x2 |
| 9:24 | RD | Kiko · wall_segment Palisade Wall x1 |
| 9:26 | wR.Prisma · wall_segment Palisade Wall x1 |
| 9:26 | RD | Kiko · wall_segment Palisade Wall x1 |
| 9:29 | RD | Kiko · wall_segment Palisade Wall x1 |
| 9:30 | RD | Kiko · wall_segment Palisade Wall x1 |
| 9:36 | wR.Prisma · wall_segment Palisade Wall x2 |
| 9:38 | wR.Prisma · wall_segment Palisade Wall x2 |
| 9:46 | wR.Prisma · wall_segment Palisade Wall x2 |
| 9:47 | wR.Prisma · wall_segment Palisade Wall x2 |
| 9:48 | wR.Prisma · wall_segment Palisade Wall x1 |
| 10:00 | RD | Kiko · wall_segment Palisade Wall x4 |
| 10:31 | RD | Kiko · age_up feudal |
| 10:49 | RD | Kiko · wall_segment Palisade Wall x1 |
| 11:26 | RD | Kiko · first_building Archery Range |
| 12:17 | wR.Prisma · wall_segment Palisade Wall x4 |
| 12:20 | wR.Prisma · wall_segment Palisade Wall x1 |
| 12:20 | wR.Prisma · wall_segment Palisade Wall x1 |
| 12:21 | wR.Prisma · wall_segment Palisade Wall x1 |
| 12:29 | wR.Prisma · wall_segment Palisade Wall x1 |
| 12:32 | wR.Prisma · wall_segment Palisade Wall x2 |
| 15:07 | wR.Prisma · wall_segment Palisade Wall x1 |
| 15:38 | wR.Prisma · wall_segment Palisade Wall x3 |
| 15:44 | wR.Prisma · wall_segment Palisade Wall x2 |
| 15:45 | wR.Prisma · wall_segment Palisade Wall x3 |
| 16:43 | wR.Prisma · wall_segment Palisade Wall x1 |
| 16:44 | wR.Prisma · wall_segment Palisade Wall x1 |
| 18:48 | RD | Kiko · first_market_buy 100 food |
| 18:50 | RD | Kiko · first_market_sell 100 wood |
| 20:34 | RD | Kiko · age_up castle |
| 20:40 | wR.Prisma · wall_segment Palisade Wall x3 |
| 21:42 | wR.Prisma · age_up castle |
| 26:30 | RD | Kiko · first_building Siege Workshop |
| 26:49 | RD | Kiko · wall_segment Palisade Wall x1 |
| 28:58 | wR.Prisma · first_building Siege Workshop |
| 30:47 | RD | Kiko · first_building Stable |
| 31:18 | wR.Prisma · first_market_buy 100 wood |
| 34:48 | wR.Prisma · first_building Castle |
| 40:23 | RD | Kiko · first_building Castle |
| 42:08 | RD | Kiko · age_up imperial |
| 43:14 | RD | Kiko · resign |
[ AI ANALYSIS · 1 CREDIT ]
What really happened in this match?
Wolo.gg analyzes every decision: build order, eco, micro, common mistakes by bracket. Personalized analysis on WhatsApp or Discord in 30 seconds.
Civ guide
Malay
Perfil
Kiko